 Dungeon Crawl Stone Soup version 0.30-a0-358-g0d69a1922f (webtiles) character file.

Game seed: 10611798902922281843

28406 Bnni the Severer (level 13, -4/109 HPs)
             Began as a Formicid Fighter on Nov 8, 2022.
             Was a High Priest of the Shining One.
             Slain by a boulder beetle (19 damage)
             ... on level 13 of the Dungeon on Nov 9, 2022.
             The game lasted 00:27:12 (11788 turns).

Bnni the Severer (Formicid Fighter)                Turns: 11788, Time: 00:27:13

Health: -4/109     AC: 16    Str: 36    XL:     13   Next: 73%
Magic:  0/21       EV:  8    Int: 10    God:    the Shining One [*****.]
Gold:   603        SH: 21    Dex: 13    Spells: 12/12 levels left

rFire   + . .      SeeInvis +    R - +6 broad axe
rCold   . . .      Faith    .    b - +0 kite shield {rF+}
rNeg    + + .      Spirit   +    T - +0 chain mail
rPois   .          Reflect  .    (helmet unavailable)
rElec   .          Harm     .    P - +2 cloak
rCorr   .          Rampage  .    w - +2 pair of gloves
Will    +....                    U - +0 pair of boots
Stlth   ..........               p - amulet of guardian spirit
HPRegen 0.38/turn                x - +6 ring of strength
MPRegen 0.17/turn                y - +6 ring of strength

@: divinely shielded, glowing
A: permanent stasis, dig shafts and tunnels, antennae 3, four strong arms
a: Dig, Shaft Self, Renounce Religion, Divine Shield, Cleansing Flame, Summon
Divine Warrior


You were on level 13 of the Dungeon.
You worshipped the Shining One.
The Shining One was extremely pleased with you.
You visited 1 branch of the dungeon, and saw 12 of its levels.
You also visited: Ossuary.

You collected 882 gold pieces.
You spent 279 gold pieces at shops.

Inventory:

Hand Weapons
 m - the +9 halberd of Fajyigamn {flame, rElec Int+5}
   (You bought it in a shop on level 11 of the Dungeon)

   It burns those it strikes, dealing additional fire damage.
   Big, fiery blades are also staple armaments of hydra-hunters.
   Int:       It affects your intelligence (+5).
   rElec:     It insulates you from electricity.
 R - a +6 broad axe (weapon)
Missiles
 o - 6 curare-tipped darts
 E - 4 poisoned darts
 I - 3 boomerangs
 S - 9 javelins
Armour
 b - a +0 kite shield of fire resistance (worn)
 w - a +2 pair of gloves (worn)
 P - a +2 cloak (worn)
 T - a +0 chain mail (worn)
 U - a +0 pair of boots (worn)
Jewellery
 p - an amulet of guardian spirit (around neck)
 x - a +6 ring of strength (left hand)
 y - a +6 ring of strength (right hand)
Wands
 a - a wand of light (13)
 t - a wand of charming (5)
 D - a wand of flame (44)
 O - a wand of roots (5)
 Q - a wand of digging (4)
Scrolls
 c - 3 scrolls of immolation {unknown}
 d - 2 scrolls of summoning {unknown}
 e - 4 scrolls of butterflies {unknown}
 f - 4 scrolls of noise {unknown}
 i - 4 scrolls of fear {unknown}
 k - 3 scrolls of blinking {unknown}
 n - 3 scrolls of poison {unknown}
 q - a scroll of enchant weapon {unknown}
 C - 3 scrolls of magic mapping {unknown}
 G - 2 scrolls of amnesia {unknown}
 H - a scroll of vulnerability {unknown}
 J - a scroll of silence {unknown}
 M - 3 scrolls of enchant armour {unknown}
Potions
 g - 3 potions of attraction
 h - 8 potions of brilliance
 l - a potion of resistance
 s - 3 potions of curing
 u - 4 potions of lignification
 v - a potion of cancellation {unknown}
 z - 2 potions of ambrosia
 A - 2 potions of mutation
 B - 2 potions of magic {unknown}
 F - a potion of flight {unknown}
 K - a potion of might


   Skills:
 + Level 12.6 Fighting
 * Level 15.6 Axes
 - Level 3.2 Armour
 - Level 10.0 Shields
 + Level 11.3 Invocations


You had 12 spell levels left.
You didn't know any spells.
Your spell library contained the following spells:

 Spells                   Type           Power      Damage    Failure   Level
 Apportation              Tloc           0%         N/A       95%         1
 Necrotise                Necr           0%         1d4       95%         1
 Sandblast                Erth           0%         2d4       95%         1
 Summon Small Mammal      Summ           0%         N/A       95%         1
 Ensorcelled Hibernation  Hex/Ice        0%         N/A       99%         2
 Passwall                 Tmut/Erth      0%         N/A       99%         2
 Stone Arrow              Conj/Erth      0%         3d7       100%        3
 Manifold Assault         Tloc           0%         N/A       100%        4
 Fireball                 Conj/Fire      0%         3d3       100%        5
 Iskenderun's Battlesphe  Conj           0%         2d6       100%        5
 Conjure Ball Lightning   Conj/Air       0%         3x3d6     100%        6
 Dispersal                Tloc           0%         N/A       100%        6
 Orb of Destruction       Conj           0%         9d5       100%        7
 Disjunction              Tloc           0%         N/A       100%        8
 Swiftness                Air            Unusable   N/A       N/A         3

Dungeon Overview and Level Annotations

Branches:
Dungeon (13/15)            Temple (0/1) D:6            Lair (0/5) D:8
    Orc (0/2) D:11        Ossuary (visited)
 Vaults: D:13-14

Altars:
Ashenzari
Fedhas
Okawaru
Ru
Sif Muna
Vehumet
The Shining One

Shops:
D:1 :   D:7 (   D:10 (   D:11 =*=(:   D:12 *!

Annotations:
D:8 4 transporters


Innate Abilities, Weirdness & Mutations

You cannot be hasted, slowed, berserked, paralysed or teleported.
You can dig through walls and to a lower floor.
You have a pair of large antennae on your head. (SInv)
Your four strong arms can wield two-handed weapons with a shield.


Message History

The tengu warrior is lightly wounded.
The boulder beetle curls into a ball and begins rolling!
You block the tengu warrior's attack.
The tengu warrior pecks you but does no damage.
You block the tengu warrior's attack.
You hit the tengu warrior.
The tengu warrior is moderately wounded.
You block the tengu warrior's attack. The tengu warrior pecks you.
* * * LOW HITPOINT WARNING * * *
The tengu warrior claws you but does no damage.
You slice the tengu warrior!!
The tengu warrior is heavily wounded.
You barely miss the tengu warrior.
The tengu warrior is heavily wounded.
You block the tengu warrior's attack.
The tengu warrior pecks you but does no damage.
The tengu warrior claws you but does no damage.
You closely miss the tengu warrior.
The tengu warrior is heavily wounded.
The tengu warrior closely misses you.
You block the tengu warrior's attack. x2
You block the boulder beetle's attack.
The boulder beetle stops rolling and uncurls.
You slash the tengu warrior!
The tengu warrior is severely wounded.
You hit the boulder beetle but do no damage.
You block the tengu warrior's attack. x2; The tengu warrior claws you.
* * * LOW HITPOINT WARNING * * *
The boulder beetle bites you but does no damage.
You slash the tengu warrior!
The tengu warrior is almost dead.
You hit the boulder beetle but do no damage.
You block the tengu warrior's attack. x2; The tengu warrior claws you.
* * * LOW HITPOINT WARNING * * *
The boulder beetle bites you.
* * * LOW HITPOINT WARNING * * *
You closely miss the tengu warrior.
The tengu warrior is almost dead.
You hit the boulder beetle.
You block the tengu warrior's attack. x3
The boulder beetle bites you!!
You die...

.[....~~~~~........>
....##~~~~~.........
....###~~~~.........
....# ##~~#........
....# ###~~~~~~####
....# ##~~~~~~~....
~~### #~~~~~~~~### #
~~~#
#~~~~~~~B####....
~~##
##~~~~~~~~@QQ.....
~##
##~~~~~~~~~####....
.# ##~~~~~~~~~~~~ .
.####~~~~~~~~~~~~~~
..##~~~~~~~~~~~~~~~~.
#..~~~~~~~.~~~...~~##
...~~~~~~~##~~...~##
..##~~~~~~####...#
..~~#~>~~~.#~~...#


You could see a boulder beetle and 2 tengu warriors.

Vanquished Creatures
  Snorg (D:10)
  Fannar (D:10)
  A hydra (D:13)
  Erolcha (D:9)
  2 centaur warriors
  5 two-headed ogres
  3 tengu warriors
  Urug (D:10)
  Sonja (D:11)
  6 skeletal warriors
  2 deep elf pyromancers
  An ugly thing (D:12)
  2 manticores
  2 cyclopes (D:11)
  Maurice (D:9)
  Maggie (D:10)
  A gargoyle (D:12)
  An unseen horror (D:11)
  An efreet (D:13)
  A komodo dragon (shapeshifter) (D:12)
  3 komodo dragons
  3 trolls
  A raiju (shapeshifter) (D:13)
  3 wraiths
  3 vampires
  3 wyverns
  9 yaks (D:8)
  2 shadows
  3 basilisks
  Grum (D:8)
  9 vampire mosquitoes (D:11)
  Duvessa (D:7)
  3 acid dragons
  A hell hound (D:12)
  3 orc warriors
  A sky beast (D:7)
  2 swamp drakes
  3 ice beasts
  An ogre (D:6)
  3 wolves (D:8)
  2 centaurs (D:9)
  2 bullfrogs
  2 kobold brigands
  A gnoll sergeant (D:7)
  A scorpion (D:6)
  A necrophage (D:3)
  10 wights
  Dowan (D:7)
  13 killer bees
  6 electric eels (D:13)
  4 howler monkeys
  A hound (D:6)
  2 orc priests (D:8)
  A gnoll bouda (D:9)
  10 orc wizards
  A statue (D:9)
  A mummy (Ossuary)
  4 adders
  3 gnolls (D:7)
  A white imp (D:6)
  2 worms (D:2)
  3 dart slugs
  27 orcs
  6 ball pythons
  6 bats
  3 endoplasms (D:1)
  3 giant cockroaches (D:3)
  8 goblins
  4 hobgoblins
  3 jackals (D:2)
  18 kobolds
  3 quokkas
  4 frilled lizards
  10 gnoll skeletons (Ossuary)
  4 kobold skeletons (Ossuary)
  11 orc skeletons (Ossuary)
  3 rats
278 creatures vanquished.

Vanquished Creatures (collateral kills)
  Azrael (D:12)
  2 fire elementals (D:12)
  2 hell hounds (D:12)
5 creatures vanquished.

Grand Total: 283 creatures vanquished

Notes
Turn   | Place    | Note
-------+----------+-------------------------------------------
     0 | D:1      | Bnni the Formicid Fighter began the quest for the Orb.
     0 | D:1      | Reached XP level 1. HP: 18/18 MP: 1/1
    37 | D:1      | Reached XP level 2. HP: 24/24 MP: 2/2
    98 | D:1      | Found Xuurphuts's Book Shoppe.
   254 | D:1      | Reached XP level 3. HP: 24/29 MP: 3/3
   596 | D:2      | Reached skill level 3 in Axes
   765 | D:2      | Reached XP level 4. HP: 23/37 MP: 4/4
  1064 | D:3      | Found a blossoming altar of Fedhas.
  1092 | D:3      | Reached XP level 5. HP: 39/42 MP: 5/5
  1130 | D:3      | Reached skill level 5 in Shields
  1301 | D:3      | Noticed an ice beast
  1333 | D:3      | Reached skill level 4 in Axes
  1334 | D:3      | Reached XP level 6. HP: 44/49 MP: 6/6
  1346 | D:3      | Killed an ice beast
  1420 | D:3      | Found a glowing golden altar of the Shining One.
  1423 | D:3      | Became a worshipper of the Shining One
  1538 | D:4      | You fall into a shaft and drop 2 floors!
  1542 | D:6      | Noticed an ice beast
  1557 | D:6      | Killed an ice beast
  1558 | D:6      | Reached skill level 5 in Axes
  1558 | D:6      | Reached XP level 7. HP: 23/55 MP: 4/7
  1559 | D:6      | Reached skill level 5 in Fighting
  1673 | D:6      | Found a staircase to the Ecumenical Temple.
  2011 | D:6      | Reached skill level 6 in Axes
  2011 | D:6      | Reached XP level 8. HP: 57/63 MP: 6/8
  2193 | D:7      | Found a sand-covered staircase.
  2202 | Ossuary  | Entered an ossuary
  2202 | Ossuary  | Noticed a wraith
  2202 | Ossuary  | Noticed a wraith
  2202 | Ossuary  | Noticed a wraith
  2208 | Ossuary  | Reached * piety under the Shining One
  2292 | Ossuary  | Reached ** piety under the Shining One
  2317 | Ossuary  | Noticed a wraith
  2337 | Ossuary  | Killed a wraith
  2489 | D:7      | Noticed Duvessa
  2490 | D:7      | Noticed Dowan
  2505 | D:7      | Killed Duvessa
  2506 | D:7      | Reached skill level 7 in Axes
  2517 | D:7      | Killed Dowan
  2657 | D:7      | Found a shimmering blue altar of Sif Muna.
  2716 | D:7      | Noticed a wyvern
  2728 | D:7      | Killed a wyvern
  2729 | D:7      | Reached XP level 9. HP: 68/71 MP: 6/9
  2787 | D:7      | Identified the +8 long sword of the Desert {elec, rPois}
  2818 | D:7      | Reached *** piety under the Shining One
  2827 | D:7      | Reached skill level 8 in Axes
  3334 | D:7      | Found Wexuck's Weapon Shoppe.
  3491 | D:8      | Found a transporter.
  3493 | D:8      | Found a transporter.
  3495 | D:8      | Noticed Grum
  3496 | D:8      | Found a transporter.
  3496 | D:8      | Found a transporter.
  3596 | D:8      | Reached skill level 1 in Invocations
  3605 | D:8      | The Shining One protects you from harm!
  3789 | D:8      | Noticed a skeletal warrior
  3817 | D:8      | Killed a skeletal warrior
  3818 | D:8      | Reached skill level 9 in Axes
  3818 | D:8      | Reached XP level 10. HP: 55/80 MP: 7/12
  3966 | D:8      | Found a sacrificial altar of Ru.
  4307 | D:8      | Killed Grum
  4450 | D:8      | Reached skill level 10 in Axes
  4462 | D:8      | Reached skill level 10 in Shields
  4644 | D:8      | Noticed a komodo dragon
  4649 | D:8      | Killed a komodo dragon
  4651 | D:8      | Noticed a komodo dragon
  4656 | D:8      | Reached skill level 5 in Invocations
  4672 | D:8      | Killed a komodo dragon
  4705 | D:8      | Found a staircase to the Lair.
  5049 | D:8      | Found a broken altar of Ashenzari.
  5169 | D:9      | Reached XP level 11. HP: 77/89 MP: 15/15
  5190 | D:9      | Noticed a deep elf pyromancer
  5196 | D:9      | Killed a deep elf pyromancer
  5197 | D:9      | Reached skill level 11 in Axes
  5226 | D:9      | Reached **** piety under the Shining One
  5228 | D:9      | Noticed Maurice
  5275 | D:9      | Killed Maurice
  5492 | D:9      | Noticed a two-headed ogre
  5498 | D:9      | Killed a two-headed ogre
  5591 | D:9      | Noticed Erolcha
  5604 | D:9      | Killed Erolcha
  5741 | D:9      | Reached skill level 12 in Axes
  6219 | D:9      | Found a radiant altar of Vehumet.
  6279 | D:10     | Entered Level 10 of the Dungeon
  6283 | D:10     | Noticed Fannar
  6297 | D:10     | Killed Fannar
  6298 | D:10     | Reached skill level 10 in Fighting
  6544 | D:10     | Noticed Maggie
  6556 | D:10     | Killed Maggie
  7016 | D:10     | Noticed Urug
  7032 | D:10     | Killed Urug
  7273 | D:10     | Noticed Snorg
  7283 | D:10     | The Shining One protects you from harm!
  7291 | D:10     | Killed Snorg
  7292 | D:10     | Reached XP level 12. HP: 39/98 MP: 1/18
  7463 | D:10     | Found Xacveehe's Antique Weapon Boutique.
  7522 | D:10     | Found an iron altar of Okawaru.
  7775 | D:11     | Found Eclomm's Book Shop.
  7827 | D:11     | Found Sotu's Jewellery Emporium.
  7862 | D:11     | Reached skill level 13 in Axes
  7907 | D:11     | Noticed a two-headed ogre
  7913 | D:11     | Killed a two-headed ogre
  7918 | D:11     | Found a staircase to the Orcish Mines.
  8139 | D:11     | Found Feciz's Antique Weapon Emporium.
  8166 | D:11     | Found Zaituegu's Assorted Antiques.
  8174 | D:11     | Bought a scorched halberd for 279 gold pieces
  8174 | D:11     | Identified the +9 halberd of Fajyigamn {flame, rElec Int+5}
                  | (You bought it in a shop on level 11 of the Dungeon)
  8217 | D:11     | Found Yrphegoro's Jewellery Emporium.
  8246 | D:11     | Noticed a two-headed ogre
  8274 | D:11     | Noticed a two-headed ogre
  8281 | D:11     | Killed a two-headed ogre
  8418 | D:11     | Killed a two-headed ogre
  8657 | D:11     | Noticed Sonja
  8663 | D:11     | Noticed a two-headed ogre
  8670 | D:11     | Killed a two-headed ogre
  8672 | D:11     | Killed Sonja
  8673 | D:11     | Reached skill level 14 in Axes
  8686 | D:11     | Reached ***** piety under the Shining One
  8911 | D:11     | Identified the +1 ring mail "Suoceacu" {*Slow rPois Regen+
                  | Stlth+}
  9152 | D:12     | Found Foicav's Distillery.
  9240 | D:12     | Noticed a tengu warrior
  9256 | D:12     | Killed a tengu warrior
  9457 | D:12     | Found the +18 Lear's hauberk
  9481 | D:12     | Noticed Azrael
  9488 | D:12     | Killed Azrael
  9489 | D:12     | Reached skill level 10 in Invocations
  9489 | D:12     | Reached XP level 13. HP: 24/107 MP: 2/20
  9762 | D:12     | Found Kuasikk's Assorted Antiques.
  9918 | D:12     | Noticed a centaur warrior
  9925 | D:12     | Killed a centaur warrior
 10895 | D:13     | Noticed a seven-headed hydra
 10901 | D:13     | Reached skill level 15 in Axes
 11204 | D:13     | Killed a four-headed hydra
 11414 | D:13     | Noticed a centaur warrior
 11429 | D:13     | Killed a centaur warrior
 11531 | D:13     | Identified the +6 short sword "Widowmaker" {vamp, Str+5}
 11779 | D:13     | HP: 5/109 [boulder beetle (11)]
 11788 | D:13     | Slain by a boulder beetle

Illustrated notes

Levels and vault maps discovered:
D:1:      minmay_arrival_loop, layout_rooms, serial_shops, shop_statue
D:2:      layout_basic
D:3:      layout_rooms, tso_oasis_becter, fedhas_altar_2, lightli_corner_chamber
D:4:      layout_rooms, makhleb_heckhound_becter, gammafunk_ghost_necromancy
D:6:      layout_rooms, minmay_temple_entry_waves
D:7:      layout_loops_ring, mainiacjoe_overflow_six_doors_small, serial_shops,
          nicolae_shop_bloodbath_and_beyond,
          lightli_ossuary_entry_decrepit_ruins, bh_walls_and_bars, uniq_duvessa
D:8:      layout_basic, mainiacjoe_overflow_big_doors, erik_lair_dragon,
          small_chamber_with_monster, nicolae_diode_quadrants, uniq_grum
D:9:      layout_basic, vehumet_statue, kennysheep_generic_room_15,
          uniq_maurice, uniq_erolcha
D:10:     layout_stronghold, mainiacjoe_overflow_small_starburst, serial_shops,
          nicolae_shop_trees, uniq_urug, uniq_snorg, uniq_fannar, uniq_maggie
D:11:     minmay_distorted_concentric_squares, layout_rooms, erik_orc_1,
          serial_shops, nicolae_shop_stone, shop_fountains,
          nicolae_stop_n_shop_2, nicolae_shop_overgrown_old_shop,
          nicolae_inconvenience_store, hangedman_decor_growths, uniq_sonja
D:12:     layout_small_grid, serial_shops,
          nicolae_shop_temple_entry_statues_fountains, kennysheep_mini,
          hellmonk_guarded_unrand_lears, uniq_azrael
D:13:     layout_basic

Skill      XL: |  1  2  3  4  5  6  7  8  9 10 11 12 13 |
---------------+----------------------------------------+-----
Axes           | 3 4 5 6 7 9 10 12 14 15 | 15.6
Fighting       | 4 5 6 7 9 10 11 12 | 12.6
Shields        | 5 6 8 9 10 | 10.0
Invocations    | 3 5 8 10 11 | 11.3
Armour         | |  3.2

Action                   |  1- 3 |  4- 6 |  7- 9 | 10-12 | 13-15 || total
-------------------------+-------+-------+-------+-------+-------++-------
Melee: War axe           |    85 |    15 |       |       |       ||   100
       Whip              |       |   104 |   176 |       |       ||   280
       Long sword        |       |       |    66 |    22 |       ||    88
       Trident           |       |       |       |   253 |       ||   253
       Broad axe         |       |       |       |   122 |    99 ||   221
       Halberd           |       |       |       |       |    23 ||    23
Throw: Dart              |       |       |       |     9 |     1 ||    10
Invok: Divine Shield     |       |       |     1 |     4 |     1 ||     6
       Summon Divine War |       |       |       |     1 |       ||     1
 Abil: Dig               |       |     1 |     1 |       |       ||     2
Evoke: Wand              |       |       |     7 |     3 |       ||    10
  Use: Potion            |       |     1 |     3 |     6 |     1 ||    11
       Scroll            |       |       |     5 |     2 |     4 ||    11
Armor: Scale mail        |    48 |    35 |    80 |    70 |       ||   233
       Chain mail        |       |       |       |    56 |    91 ||   147
Dodge: Dodged            |    33 |    30 |    69 |   106 |    39 ||   277
Block: Buckler           |     6 |       |       |       |       ||     6
       Kite shield       |    42 |    70 |   111 |   235 |    78 ||   536

Table legend: (Time is in decaauts)
 A = Elapsed time spent in this place.
 B = Non-inter-level travel time spent in this place.
 C = Inter-level travel time spent in this place.
 D = Time resting spent in this place.
 E = Time spent auto-exploring this place.
 F = Levels seen in this place.
 G = Mean time per level.
                   A        B        C        D        E       F      G
               +--------+--------+--------+--------+--------+-----+--------+
         Total |  11929 |  11700 |    229 |   1012 |   8292 |  13 |  917.6 |
       Dungeon |  11673 |  11444 |    229 |   1012 |   8195 |  12 |  972.8 |
       Ossuary |    255 |    255 |      0 |      0 |     97 |   1 |  255.0 |
               +--------+--------+--------+--------+--------+-----+--------+

Top non-repeatable levels by time:
    D:12: 1841 daAuts
     D:8: 1629 daAuts
    D:10: 1459 daAuts
    D:11: 1359 daAuts
     D:9: 1215 daAuts
     D:7: 1142 daAuts
    D:13: 884 daAuts
     D:2: 597 daAuts
     D:6: 550 daAuts
     D:1: 510 daAuts
     D:3: 483 daAuts
 Ossuary: 255 daAuts
